 Dungeon Crawl Stone Soup version 0.23-a0-612-gcb482e9 (webtiles) character file.

5266 KristoblXynda the Covert (level 10, -10/67 HPs)
             Began as a Vampire Gladiator on Dec 21, 2018.
             Was a Follower of Ashenzari.
             Mangled by a hornet (13 damage)
             ... on level 9 of the Dungeon.
             The game lasted 00:30:24 (12922 turns).

KristoblXynda the Covert (Vampire Gladiator)       Turns: 12922, Time: 00:30:25

Health: -10/67     AC:  8    Str: 14    XL:     10   Next: 36%
Magic:  13/13      EV: 14    Int: 12    God:    Ashenzari [*.....]
Gold:   410        SH:  0    Dex: 17    Spells: 9/9 levels left

rFire    . . .     SeeInvis +   a - +1 long sword
rCold    + . .     Gourm    .   (no shield)
rNeg     + + .     Faith    .   q - +0 ring mail
rPois    +         Spirit   .   (helmet restricted)
rElec    .         Reflect  .   w - +0 cloak
rCorr    .         Harm     .   (no gloves)
MR       +....                  u - +0 pair of boots (curse)
Stlth    +++++.....             (no amulet)
HPRegen  0.10/turn              (no ring)
MPRegen  0.13/turn              (no ring)

@: regenerating slowly
A: claws 1, fangs 3, horns 1, see invisible, unbreathing
a: Bat Form, Curse Item, Scrying, Renounce Religion


You were on level 9 of the Dungeon.
You worshipped Ashenzari.
Ashenzari was aware of your devotion.
You were very thirsty.

You visited 2 branches of the dungeon, and saw 10 of its levels.
You also visited: Ossuary and Bailey.

You collected 512 gold pieces.
You spent 102 gold pieces at shops.

Inventory:

Hand Weapons
 a - a +1 long sword (weapon)
Missiles
 d - 3 throwing nets (quivered)
Armour
 k - a cursed +0 shield of reflection
 q - a +0 ring mail (worn)
 u - a cursed +0 pair of boots (worn)
 w - a +0 cloak (worn)
 x - the +4 chain mail of Hangman {rElec rF- rN+++ Int+3}
   (You found it on level 7 of the Dungeon)

   It affects your intelligence (+3).
   It makes you vulnerable to fire.
   It insulates you from electricity.
   It renders you almost immune to negative energy.
Wands
 c - a wand of paralysis (9)
Scrolls
 f - a scroll of fog
 i - 5 scrolls of enchant armour
 j - a scroll of blinking
 o - a scroll of enchant weapon
Potions
 b - a potion of degeneration {unknown}
 e - 8 potions of blood
 g - a potion of magic {unknown}
 h - 8 potions of curing
 l - a potion of agility
 m - a potion of cancellation
 n - 3 potions of mutation
 p - 2 potions of flight
 r - a potion of heal wounds
 s - 2 potions of haste {unknown}
 t - 5 potions of might
 v - 2 potions of invisibility
 z - a potion of brilliance
 A - a potion of experience {unknown}
 C - a potion of lignification {unknown}
 D - a potion of ambrosia {unknown}


   Skills:
 - Level 1.7 Fighting
 * Level 8.8 Long Blades
 - Level 2.0 Throwing
 + Level 5.8 Armour
 - Level 6.2 Dodging
 + Level 10.8 Stealth
 + Level 3.7 Shields
 + Level 4.3 Evocations


You had 9 spell levels left.
You didn't know any spells.
Your spell library contained the following spells:

 Spells                   Type           Power        Failure   Level  Hunger
 Corona                   Hex            #......      54%         1    ##.....
 Ensorcelled Hibernation  Hex/Ice        #.....       67%         2    ###....
 Confuse                  Hex            #.......     88%         3    ####...
 Dazzling Spray           Conj/Hex       #.....       88%         3    ####...
 Tukima's Dance           Hex            #.......     88%         3    ####...


Dungeon Overview and Level Annotations

Branches:
Dungeon (9/15)             Temple (1/1) D:4             Orc (0/2) D:9
   Lair: D:8-11

Altars:
Ashenzari
Cheibriados
Dithmenos
Elyvilon
Fedhas
Gozag
Hepliaklqana
Kikubaaqudgha
Makhleb
Nemelex Xobeh
Okawaru
Qazlal
Ru
Sif Muna
Trog
Uskayaw
Vehumet
Wu Jian
Xom
Yredelemnul
Zin
The Shining One
Beogh

Shops:
D:5 [(   D:6 *


Innate Abilities, Weirdness & Mutations

You heal slowly.
You have razor-sharp teeth.
You have supernaturally acute eyesight. (SInv)
You can survive without breathing.
You have sharp fingernails.
You have a pair of small horns on your head.


Message History

The hornet stings you! The hornet completely misses you.
You closely miss the hornet. You headbutt the hornet.
The hornet is lightly wounded.
The hornet barely misses you. x2; You riposte.
You hit the hornet but do no damage. You headbutt the hornet.
The hornet is moderately wounded.
You barely miss the hornet.
The hornet is moderately wounded.
You feel yourself speed up. The hornet completely misses you.
The hornet stings you!
You hit the hornet but do no damage.
The hornet is moderately wounded.
The hornet stings you!
* * * LOW HITPOINT WARNING * * *
The hornet stings you!
* * * LOW HITPOINT WARNING * * *
You miss the hornet. You headbutt the hornet. Your bite misses the hornet.
The hornet is moderately wounded.
The hornet stings you!
You die...

### ..# #.# ###.#
#. ##@#.# #>.##
##y#..#
#..<..####y###.##
..........##
##.## ##.##....##
##.# ......##.#
##.## #.....
..###.## ####.#
##.#...## y.
###..#.#.##


You could see a hornet and a killer bee.

Vanquished Creatures
  A two-headed ogre (D:8)
  Pikel (D:8)
  2 hungry ghosts
  A steam dragon (D:8)
  Duvessa (D:7)
  2 orc warriors
  A black bear (D:8)
  A slave (D:8)
  A phantom (D:5)
  A sky beast (D:5)
  3 ice beasts
  6 ogres
  2 centaurs (D:6)
  A gnoll sergeant (D:5)
  4 bullfrogs
  A wyvern zombie (D:8)
  Dowan (D:7)
  A wyvern skeleton (D:8)
  2 scorpions
  2 killer bees
  4 wights (D:9)
  A bullfrog zombie (D:5)
  2 crimson imps (D:7)
  2 quasits
  2 hounds (D:8)
  5 orc priests
  A jelly (D:3)
  12 orc wizards
  A bullfrog skeleton (D:6)
  An iguana (D:6)
  10 worker ants
  A hound skeleton (D:6)
  3 mummies (Ossuary)
  A worker ant zombie (D:9)
  10 adders
  17 gnolls
  2 oozes
  3 adder zombies (Ossuary)
  3 worms
  2 dart slugs
  5 leopard geckos
  23 orcs
  5 giant cockroaches
  7 goblins
  18 hobgoblins
  8 jackals
  6 quokkas
  4 ball pythons
  7 bats
  9 frilled lizards
  A gnoll zombie (Ossuary)
  3 goblin zombies (Ossuary)
  5 hobgoblin zombies (Ossuary)
  19 kobolds
  2 kobold zombies (Ossuary)
  A leopard gecko zombie (D:5)
  2 quokka zombies (Ossuary)
  8 rats
  2 rat zombies (Ossuary)
253 creatures vanquished.

Notes
Turn   | Place    | Note
-------+----------+-------------------------------------------
     0 | D:1      | KristoblXynda the Vampire Gladiator began the quest for the
                  | Orb.
     0 | D:1      | Reached XP level 1. HP: 16/16 MP: 1/1
   145 | D:1      | Reached XP level 2. HP: 14/22 MP: 2/2
   906 | D:2      | Reached XP level 3. HP: 19/27 MP: 3/3
  1042 | D:2      | Reached skill level 1 in Stealth
  1390 | D:2      | Gained mutation: You have sharp fingernails. [potion of
                  | mutation]
  1390 | D:2      | Gained mutation: You have a pair of small horns on your
                  | head. [potion of mutation]
  1875 | D:2      | Reached XP level 4. HP: 32/33 MP: 4/4
  1899 | D:2      | Reached skill level 1 in Armour
  1899 | D:2      | Reached skill level 2 in Stealth
  2561 | D:3      | Reached XP level 5. HP: 22/38 MP: 5/5
  2567 | D:3      | Reached skill level 3 in Stealth
  3113 | D:4      | Reached XP level 6. HP: 23/44 MP: 6/6
  3271 | D:4      | Reached skill level 4 in Stealth
  3651 | D:4      | Reached skill level 5 in Dodging
  3899 | D:4      | Reached skill level 5 in Stealth
  3930 | D:4      | Reached XP level 7. HP: 34/49 MP: 7/7
  4151 | D:4      | Found a staircase to the Ecumenical Temple.
  4232 | Temple   | Entered the Ecumenical Temple
  4246 | Temple   | Became a worshipper of Ashenzari the Shackled
  4547 | D:4      | Found a bloodstained altar of Trog.
  4664 | D:5      | Entered Level 5 of the Dungeon
  4811 | D:5      | Found Foydeawk's Armour Shop.
  4812 | D:5      | Found a stormy altar of Qazlal.
  4823 | D:5      | Reached skill level 5 in Long Blades
  4831 | D:5      | Bought a +0 shield of reflection for 102 gold pieces
  4864 | D:5      | Found a burning altar of Makhleb.
  4864 | D:5      | Found a shimmering altar of Xom.
  4864 | D:5      | Found a blossoming altar of Fedhas.
  5097 | D:5      | Reached skill level 6 in Stealth
  5600 | D:5      | Reached XP level 8. HP: 27/55 MP: 8/8
  5612 | D:5      | Found Ecympol's Weapon Shop.
  6473 | D:6      | Reached skill level 7 in Stealth
  6529 | D:6      | Found a sand-covered staircase.
  6544 | Ossuary  | Entered an ossuary
  6987 | D:6      | Reached * piety under Ashenzari
  7035 | D:6      | Reached skill level 1 in Evocations
  7789 | D:6      | Reached skill level 8 in Stealth
  7846 | D:6      | Found Xyczorest's General Store.
  8472 | D:7      | Noticed Duvessa
  8477 | D:7      | Noticed Dowan
  8489 | D:7      | Killed Duvessa
  8489 | D:7      | Reached XP level 9. HP: 59/61 MP: 11/11
  8511 | D:7      | Reached skill level 9 in Stealth
  8511 | D:7      | Reached skill level 1 in Shields
  8520 | D:7      | Killed Dowan
  8697 | D:7      | Got the uncursed chain mail of Hangman {rElec rF- rN+++
                  | Int+3}
  9065 | D:7      | Found an iron altar of Okawaru.
  9130 | D:7      | Reached skill level 5 in Armour
  9477 | D:8      | Found a flagged portal.
  9529 | D:8      | Noticed a two-headed ogre
  9546 | D:8      | Killed a two-headed ogre
  9546 | D:8      | Reached skill level 10 in Stealth
  9660 | Bailey   | Entered a bailey
 10235 | Bailey   | Reached XP level 10. HP: 67/67 MP: 13/13
 10774 | D:8      | Noticed Pikel
 10794 | D:8      | Killed Pikel
 11970 | D:9      | Found a staircase to the Orcish Mines.
 12375 | D:9      | Found a roughly hewn altar of Beogh.
 12921 | D:9      | HP: 3/67 [hornet (11)]
 12922 | D:9      | Mangled by a hornet

Vault maps used:
D:1:      co_arrival_random_square_maze
D:2:      minmay_diamond_boxcup, first_ration, kennysheep_nub
D:3:      minmay_misc_feat_enclosed
D:4:      minmay_temple_entry_steel_oval, bloody_trog
D:5:      gammafunk_temple_overflow_claw, serial_shops, shop,
          nicolae_shop_trees, grunt_qazlal_clouds
D:6:      nicolae_ossuary_entry_monument, serial_shops, shop_statue,
          minivault_11
D:7:      okawaru_ov_weapons_minmay, uniq_duvessa
D:8:      enter_bailey_8, uniq_pikel
D:9:      minmay_the_grid_square_5x5_4x4, minmay_orc_entry_temple_small,
          uniq_joseph
Temple:   eino_narrow_crystal_temple
Ossuary:  ossuary_minmay_chase
Bailey:   bailey_axe_2, bailey

Skill      XL: |  1  2  3  4  5  6  7  8  9 10 |
---------------+-------------------------------+-----
Throwing       | 2 |  2.0
Stealth        | 1 2 3 5 6 8 10 | 10.8
Dodging        | 4 5 6 |  6.2
Armour         | 1 2 3 4 5 |  5.8
Long Blades    | 4 5 6 8 |  8.8
Evocations     | 2 4 |  4.3
Shields        | 2 3 |  3.7
Fighting       | |  1.7

Action                   |  1- 3 |  4- 6 |  7- 9 | 10-12 || total
-------------------------+-------+-------+-------+-------++-------
Melee: Long sword        |   100 |   154 |   434 |   174 ||   862
       Bite              |     9 |    16 |    53 |    26 ||   104
       Headbutt          |     1 |    38 |   110 |    46 ||   195
Invok: Curse Item        |       |       |     1 |     1 ||     2
Evoke: Wand              |       |       |     5 |     1 ||     6
  Use: Potion            |    14 |     1 |    16 |    11 ||    42
       Scroll            |       |     7 |    11 |     3 ||    21
 Stab: Sleeping          |     2 |     3 |    14 |     1 ||    20
       Distracted        |       |     2 |     3 |     3 ||     8
       Paralysed         |       |       |     6 |       ||     6
Armor: Leather armour    |    35 |     3 |       |       ||    38
       Ring mail         |       |    15 |   134 |    34 ||   183
Dodge: Dodged            |    93 |   102 |   358 |   128 ||   681
       Rpst.: Long sword |    25 |    31 |    85 |    29 ||   170

Table legend:
 A = Non-vault XP
 B = Vault XP
 C = Vault XP percentage of total XP
 D = Non-vault monster count
 E = Vault monster count
 F = Vault count percentage of total count
                 A         B        C        D         E       F
            +---------+---------+-------+---------+---------+-------
      Total |    6153 |    1371 |  18.2 |     179 |      73 |  29.0
            +---------+---------+-------+---------+---------+-------
        D:1 |      26 |       0 |   0.0 |      12 |       0 |   0.0
        D:2 |      78 |      26 |  25.0 |      27 |       9 |  25.0
        D:3 |     226 |       0 |   0.0 |      25 |       0 |   0.0
        D:4 |     480 |       0 |   0.0 |      32 |       0 |   0.0
        D:5 |     756 |       0 |   0.0 |      19 |       0 |   0.0
        D:6 |     979 |       0 |   0.0 |      16 |       0 |   0.0
        D:7 |    1040 |     226 |  17.9 |      17 |       2 |  10.5
        D:8 |    2269 |     571 |  20.1 |      26 |       1 |   3.7
        D:9 |     299 |     112 |  27.3 |       5 |       6 |  54.5
    Ossuary |       0 |      86 | 100.0 |       0 |      21 | 100.0
     Bailey |       0 |     350 | 100.0 |       0 |      34 | 100.0
            +---------+---------+-------+---------+---------+-------
